 Dungeon Crawl Stone Soup version 0.26-a0-1184-g95e395e029 (webtiles) character file.

Game seed: 423585327907649435

566751 pistachioham the Scholar (level 26, 0/206 HPs)
             Began as a Gnoll Arcane Marksman on Dec 18, 2020.
             Was an Elder of Sif Muna.
             Slain by an Ice Fiend (25 damage)
             ... summoned by Uzimul
             ... on level 1 of a ziggurat on Dec 28, 2020.
             The game lasted 18:25:15 (88748 turns).

pistachioham the Scholar (Gnoll Arcane Marksman)   Turns: 88748, Time: 18:25:15

Health: 0/206      AC: 26    Str: 21      XL:     26   Next: 83%
Magic:  27/52      EV: 25    Int: 17 (25) God:    Sif Muna [****..]
Gold:   3442       SH:  0    Dex: 22      Spells: 5/58 levels left

rFire    + . .     SeeInvis +   b - +10 battleaxe of Jifoguop {spect, *Noise rN+ Str+2}
rCold    + . .     Faith    .   (shield currently unavailable)
rNeg     + + +     Spirit   .   v - +8 scale mail of Vilit {Int+2}
rPois    +         Reflect  .   q - -2 hat of the Alchemist {rElec rPois rF+ rC+ rN+ Will+ rMut rCorr}
rElec    +         Harm     .   t - +1 cloak "Heikh" {*Contam rN+++ Will+ Stlth+}
rCorr    +         Rampage  .   H - +2 pair of gloves {archery}
rMut     +                      l - +2 pair of boots {run}
Will     +++..                  T - amulet of regeneration
Stlth    +++++++...             Y - ring of Contentment {+Blink MP+9 SInv}
HPRegen  0.84/turn              E - ring "Ethruoheu" {rN+ rCorr Int+3 Dex+3}
MPRegen  0.33/turn

@: very slightly contaminated, invisible, quick
A: distributed training, fangs 1, thin skeletal structure 1, blurry vision 1,
clumsy 1, mutation resistance 1, strong 1, strong nose
}: 3/15 runes: serpentine, barnacled, slimy
a: Renounce Religion, Evoke Blink, Channel Magic, Forget Spell, Divine Exegesis


You were on level 1 of a ziggurat.
You worshipped Sif Muna.
Sif Muna was greatly pleased with you.
You visited 10 branches of the dungeon, and saw 48 of its levels.
You visited the Abyss 1 time.
You visited 1 ziggurat, and saw 1 of its levels.
You also visited: Trove, Bailey, Gauntlet and Ice Cave.

You collected 8073 gold pieces.
You spent 4631 gold pieces at shops.

Inventory:

Hand Weapons
 a - a +9 shortbow of flaming
 b - the +10 battleaxe of Jifoguop (weapon) {spect, *Noise rN+ Str+2}
   (You took it off a deep elf high priest on level 3 of the Elven Halls)

   It retains the spirit of the tree from which it was made.
   In the hands of one skilled in evocations this spirit is drawn out to fight
   along side the wielder.
   It affects your strength (+2).
   It protects you from negative energy.
   It may make noises in combat.
Missiles
 d - 1056 arrows
Armour
 l - a +2 pair of boots of running (worn)
 q - the -2 hat of the Alchemist (worn) {rElec rPois rF+ rC+ rN+ Will+ rMut rCorr}
   (You found it in a treasure trove)

   It protects you from fire.
   It protects you from cold.
   It insulates you from electricity.
   It protects you from poison.
   It protects you from negative energy.
   It affects your willpower, your defense against some magical effects.
   It provides partial protection from all sources of acid and corrosion.
   It protects you from mutation.
 t - the +1 cloak "Heikh" (worn) {*Contam rN+++ Will+ Stlth+}
   (You found it on level 6 of the Dungeon)

   It renders you almost immune to negative energy.
   It affects your willpower, your defense against some magical effects.
   It causes magical contamination when unequipped.
   It makes you more stealthy.
 u - the +0 cloak of Least Resistance {+Fly Int+2 Dex+2}
   (You found it in a Gauntlet)

   It affects your intelligence (+2).
   It affects your dexterity (+2).
   It lets you fly.
 v - the +8 scale mail of Vilit (worn) {Int+2}
   (You found it on level 2 of the Snake Pit)

   It affects your intelligence (+2).
 H - a +2 pair of gloves of archery (worn)
 K - the +2 leather armour of Sonuiqij {rN+ Str+2}
   (You found it in a treasure trove)

   It affects your strength (+2).
   It protects you from negative energy.
 N - a +4 troll leather armour
Jewellery
 p - the ring "Adimaplimeo" {+Fly rPois Dex+4 SInv Stlth+}
   (You found it on level 5 of the Pits of Slime)

   [ring of poison resistance]

   It affects your dexterity (+4).
   It protects you from poison.
   It lets you see invisible.
   It lets you fly.
   It makes you more stealthy.
 x - an uncursed ring of protection from fire
 C - an uncursed ring of protection from cold
 E - the ring "Ethruoheu" (right hand) {rN+ rCorr Int+3 Dex+3}
   (You found it on level 4 of the Shoals)

   [ring of resist corrosion]

   It affects your intelligence (+3).
   It affects your dexterity (+3).
   It protects you from negative energy.
   It provides partial protection from all sources of acid and corrosion.
 G - a +6 ring of strength
 R - the ring "Kaunt" {rN+ Int+5 Dex+2}
   (You found it on level 3 of the Crypt)

   [ring of positive energy]

   It affects your intelligence (+5).
   It affects your dexterity (+2).
   It protects you from negative energy.
 T - an amulet of regeneration (around neck)
 Y - the ring of Contentment (left hand) {+Blink MP+9 SInv}
   (You took it off a deep elf death mage on level 3 of the Elven Halls)

   [ring of magical power]

   It affects your magic capacity (+9).
   It lets you see invisible.
   It lets you blink.
Wands
 e - a wand of iceblast (44)
 f - a wand of digging (3)
 s - a wand of paralysis (33)
 A - a wand of acid (5)
 I - a wand of disintegration (20)
Scrolls
 h - 15 scrolls of identify
 i - 12 scrolls of amnesia
 n - 5 scrolls of remove curse
 o - 11 scrolls of teleportation
 w - a scroll of magic mapping
 y - 6 scrolls of fog
 B - 10 scrolls of immolation
 J - a scroll of enchant weapon
 O - a scroll of summoning
Potions
 c - 2 potions of berserk rage
 j - 4 potions of resistance
 m - 3 potions of magic
 z - a potion of haste
 D - 8 potions of flight
 F - 9 potions of brilliance
 L - 2 potions of invisibility
 Q - 8 potions of curing
 S - 5 potions of attraction
Miscellaneous
 W - a condenser vane


   Skills:
 + Level 16.7 Fighting
 + Level 16.5 Short Blades
 + Level 16.5 Long Blades
 + Level 16.5 Axes
 + Level 16.5 Maces & Flails
 + Level 16.5 Polearms
 + Level 16.5 Staves
 + Level 16.5 Slings
 + Level 17.0 Bows
 + Level 16.5 Crossbows
 + Level 16.5 Throwing
 + Level 16.5 Armour
 + Level 17.0 Dodging
 + Level 16.5 Stealth
 + Level 16.5 Shields
 + Level 16.5 Unarmed Combat
 + Level 16.7 Spellcasting
 + Level 14.2 Conjurations
 + Level 15.0 Hexes
 + Level 14.2 Summonings
 + Level 14.2 Necromancy
 + Level 14.2 Translocations
 + Level 14.2 Transmutations
 + Level 14.2 Fire Magic
 + Level 14.2 Ice Magic
 + Level 14.2 Air Magic
 + Level 14.2 Earth Magic
 + Level 14.2 Poison Magic
 + Level 17.8 Invocations
 + Level 16.5 Evocations


You had 5 spell levels left.
You knew the following spells:

 Your Spells              Type           Power        Failure   Level
a - Corona                Hex            66%          1%          1
b - Iron Shot             Conj/Erth      29%          3%          6
c - Portal Projectile     Hex/Tloc       100%         1%          3
d - Inner Flame           Hex/Fire       59%          1%          3
e - Cause Fear            Hex            30%          1%          4
f - Summon Lightning Spi  Summ/Air       58%          1%          4
g - Wereblood             Tmut           58%          1%          2
h - Freezing Cloud        Conj/Ice/Air   29%          3%          6
i - Irradiate             Conj/Tmut      29%          1%          5
j - Passage of Golubria   Tloc           N/A          1%          4
k - Searing Ray           Conj           100%         1%          2
l - Dispel Undead         Necr           58%          1%          4
m - Iskenderun's Mystic   Conj/Tloc      58%          1%          4
F - Fireball              Conj/Fire      29%          1%          5

Your spell library contained the following spells:

 Spells                   Type           Power        Failure   Level
 Animate Skeleton         Necr           100%         1%          1
 Apportation              Tloc           100%         1%          1
 Beastly Appendage        Tmut           100%         1%          1
 Foxfire                  Conj/Fire      100%         1%          1
 Freeze                   Ice            100%         1%          1
 Magic Dart               Conj           100%         1%          1
 Sandblast                Erth           100%         1%          1
 Shock                    Conj/Air       100%         1%          1
 Sting                    Tmut/Pois      100%         1%          1
 Summon Small Mammal      Summ           100%         1%          1
 Blink                    Tloc           N/A          1%          2
 Call Imp                 Summ           58%          1%          2
 Corpse Rot               Necr/Air       N/A          1%          2
 Ensorcelled Hibernation  Hex/Ice        100%         1%          2
 Passwall                 Tmut/Erth      48%          1%          2
 Poisonous Vapours        Pois/Air       100%         1%          2
 Slow                     Hex            60%          1%          2
 Sublimation of Blood     Necr           29%          1%          2
 Call Canine Familiar     Summ           58%          1%          3
 Confusing Touch          Hex            60%          1%          3
 Conjure Flame            Conj/Fire      58%          1%          3
 Dazzling Flash           Conj/Hex       100%         1%          3
 Frozen Ramparts          Ice            100%         1%          3
 Ignite Poison            Fire/Tmut/Pois 58%          1%          3
 Lesser Beckoning         Tloc           29%          1%          3
 Mephitic Cloud           Conj/Pois/Air  58%          1%          3
 Ozocubu's Armour         Ice            58%          1%          3
 Spider Form              Tmut/Pois      29%          1%          3
 Static Discharge         Conj/Air       58%          1%          3
 Stone Arrow              Conj/Erth      100%         1%          3
 Summon Guardian Golem    Hex/Summ       59%          1%          3
 Teleport Other           Tloc           58%          1%          3
 Tukima's Dance           Hex            60%          1%          3
 Vampiric Draining        Necr           29%          1%          3
 Animate Dead             Necr           29%          1%          4
 Fulminant Prism          Conj/Hex       29%          1%          4
 Hailstorm                Conj/Ice       58%          1%          4
 Ice Form                 Ice/Tmut       58%          1%          4
 Leda's Liquefaction      Hex/Erth       29%          1%          4
 Olgreb's Toxic Radiance  Pois           58%          1%          4
 Petrify                  Tmut/Erth      58%          1%          4
 Sticky Flame             Conj/Fire      58%          1%          4
 Summon Ice Beast         Ice/Summ       58%          1%          4
 Alistair's Intoxication  Tmut/Pois      38%          1%          5
 Blade Hands              Tmut           29%          1%          5
 Bolt of Magma            Conj/Fire/Erth 29%          1%          5
 Excruciating Wounds      Necr           29%          1%          5
 Iskenderun's Battlesphe  Conj           58%          1%          5
 Lightning Bolt           Conj/Air       29%          1%          5
 Metabolic Englaciation   Hex/Ice        29%          1%          5
 Silence                  Hex/Air        29%          1%          5
 Summon Demon             Summ           29%          1%          5
 Summon Forest            Summ/Tloc      29%          1%          5
 Yara's Violent Unravell  Hex/Tmut       29%          1%          5
 Invisibility             Hex            60%          2%          6
 Conjure Ball Lightning   Conj/Air       29%          3%          6
 Death Channel            Necr           29%          3%          6
 Eringya's Noxious Bog    Tmut/Pois      29%          3%          6
 Hydra Form               Tmut           29%          3%          6
 Ozocubu's Refrigeration  Ice            29%          3%          6
 Simulacrum               Ice/Necr       29%          3%          6
 Starburst                Conj/Fire      29%          3%          6
 Statue Form              Tmut/Erth      38%          3%          6
 Dragon Form              Tmut           29%          21%         7
 Malign Gateway           Summ/Tloc      29%          21%         7
 Orb of Destruction       Conj           29%          21%         7
 Spellforged Servitor     Conj/Summ      29%          21%         7
 Summon Hydra             Summ           29%          21%         7
 Discord                  Hex            30%          75%         8
 Chain Lightning          Conj/Air       29%          83%         8
 Disjunction              Tloc           29%          83%         8
 Ignition                 Fire           29%          83%         8
 Lehudib's Crystal Spear  Conj/Erth      29%          83%         8
 Necromutation            Tmut/Necr      29%          83%         8
 Death's Door             Necr           29%          100%        9
 Dragon's Call            Summ           29%          100%        9
 Fire Storm               Conj/Fire      29%          100%        9
 Shatter                  Erth           29%          100%        9
 Tornado                  Air            29%          100%        9


Dungeon Overview and Level Annotations

Branches:
Dungeon (15/15)            Temple (0/1) D:7            Lair (6/6) D:9
 Shoals (4/4) Lair:2        Snake (4/4) Lair:4        Slime (5/5) Lair:5
    Orc (2/2) D:12            Elf (3/3) Orc:2        Vaults (4/5) D:13
  Crypt (3/3) Vaults:3       Tomb (0/3) Crypt:3      Depths (2/5) D:15
 Bailey (visited)           IceCv (visited)         Gauntlet (visited)

Altars:
Ashenzari
Cheibriados
Dithmenos
Elyvilon
Fedhas
Hepliaklqana
Kikubaaqudgha
Makhleb
Nemelex Xobeh
Okawaru
Qazlal
Sif Muna
Vehumet
Beogh
Jiyva

Shops:
D:9 [   D:11 (   D:14 *(:(   Orc:2 ?*![}   Elf:2 [   Elf:3 }   Shoals:1 [
Snake:1 =}}?   Snake:2 [}=}   Vaults:2 *   Depths:1 **   Depths:2 }*}

Portals:
Hell: Depths:1
Pandemonium: Orc:2

Annotations:
D:8 Gastronok
D:14 1 runed translucent door
Snake:4 1 exclusion
Orc:1 3 runed translucent doors, IdlyInterested's ghost, journeyman GrFi
Crypt:3 2 exclusions
Depths:1 2 transporters, exclusion: downstairs, Geil's ghost, adept TrFi
Zig:1 exclusions: 2 obsidian statues and 2 orange crystal statues


Innate Abilities, Weirdness & Mutations

Your experience applies equally to all skills.
You have very sharp teeth.
Your uncanny sense of smell can sniff out nearby items.
You have a somewhat thin skeletal structure. (Dex +2, Stealth)
Scrolls take you a little longer to read.
You are clumsy. (Dex -2)
You are somewhat resistant to further mutation.
Your muscles are strong. (Str +2)


Message History

The smoke demon hits the soul eater but does no damage. x3
The crimson imp misses the ufetubus.
The monstrous demonspawn hits the balrug!
The monstrous demonspawn barely misses the balrug.
The monstrous demonspawn gores the balrug.
The chaos spawn hits the smoke demon but does no damage.
The Executioner hits the gelid black sun. x2
The Executioner hits the gelid black sun!
Unknown command.
You feel much better.
The Executioner hits the gelid black sun!!
The Executioner hits the gelid black sun but does no damage.
The Executioner hits the gelid black sun!
The sixfirhy hits the monstrous demonspawn but does no damage.
The infernal warmonger hits the torturous blood saint with a +2 demon whip of draining!
The torturous blood saint is engulfed in flames!!
The Ice Fiend claws you!
* * * LOW HITPOINT WARNING * * *
The Ice Fiend freezes you!! You resist.
You die...

▓▓▓▓▓▓▓▓▓
▓8...238▓
▓.236243▓
▓..6.311▓
▓∩....)6▓
▓55.621&▓
▓....34@▓
▓8...(38▓
▓▓▓▓▓▓▓▓▓


You could see 2 Ice Fiends, a balrug (summoned, resistant), a green death
(summoned), 2 orange crystal statues, 2 obsidian statues, an Executioner
(summoned, fast, strong), a torturous blood saint (summoned, fast), 2 soul
eaters, a sixfirhy (summoned), a tormentor (summoned, wandering), a crimson imp
(summoned, agile), the neutral Uzimul (insane), a neutral monstrous demonspawn
(summoned, fast, strong, insane, drained), a neutral infernal warmonger
(summoned, fast, strong, insane), a neutral gelid black sun (summoned, fast,
strong, insane, icemail), 2 neutral sun demons, a neutral smoke demon (summoned,
insane), a neutral tormentor (summoned, insane), a neutral chaos spawn
(summoned, insane), a neutral red devil (summoned, insane), a neutral ufetubus
(summoned, insane) and a friendly +10 battleaxe of Jifoguop {spect, *Noise rN+
Str+2} (summoned).

Vanquished Creatures
  Mara (Depths:2)
  2 ancient liches
  A juggernaut (Depths:1)
  Frederick (Crypt:1)
  Bai Suzhen (Crypt:3)
  A bone dragon (Crypt:3)
  A shard shrike zombie (Crypt:1)
  Jorgrun (Snake:3)
  3 deep elf blademasters (Elf:3)
  3 liches
  A deep elf master archer (Elf:3)
  24 acid blobs
  Polyphemus (Shoals:3)
  4 ancient champions
  Kirke (Lair:6)
  A storm dragon (Vaults:4)
  A storm dragon (shapeshifter) (Vaults:4)
  Roxanne (Snake:4)
  Donald (Snake:1)
  4 fire giants
  9 nagarajas
  6 deep elf sorcerers (Elf:3)
  16 azure jellies
  A revenant (Crypt:1)
  9 vault wardens
  5 frost giants
  An orc warlord (Bailey)
  A ghoul (Crypt:3)
  4 war gargoyles (Crypt:3)
  6 deep elf elementalists (Elf:3)
  4 very ugly things
  9 ironheart preservers
  12 stone giants
  A deep elf demonologist (Vaults:4)
  A caustic shrike skeleton (Crypt:1)
  4 vampire knights
  7 deep elf annihilators
  Azrael (D:12)
  A spark wasp (Depths:2)
  A minotaur (Gauntlet)
  A dire elephant (Lair:6)
  Snorg (D:10)
  2 eidola (Vaults:3)
  5 death oozes (Slime:5)
  2 blizzard demons (IceCv)
  Josephine (Orc:2)
  7 ettins
  3 crystal guardians (Crypt:3)
  A deep elf high priest (Elf:3)
  6 merfolk impalers
  6 deep elf death magi
  6 jiangshi
  4 fire dragons
  Fannar (D:11)
  A ragged hierophant (Elf:1)
  8 yaktaur captains
  11 great orbs of eyes
  7 ice dragons
  7 rakshasas
  A vault guard (Vaults:1)
  7 boulder beetles
  A spriggan air mage (Depths:2)
  2 catoblepae
  18 naga warriors
  5 hydras
  3 merfolk avatars
  6 anacondas
  5 centaur warriors
  Erica (D:8)
  2 death knights
  A two-headed ogre (shapeshifter) (Depths:1)
  9 deep troll shamans
  12 ogre magi
  4 tengu warriors
  30 two-headed ogres
  16 death yaks
  3 deep troll earth magi (Depths:1)
  A small abomination (Vaults:4)
  8 vampire magi
  6 orc high priests (Orc:2)
  24 dancing weapons
  6 shock serpents
  A sun demon (Orc:2)
  A titan zombie (Crypt:3)
  Urug (D:10)
  15 naga sharpshooters
  Nergalle (D:11)
  2 storm dragon zombies (Crypt:3)
  20 deep elf knights
  An iron troll (Depths:2)
  3 salamander mystics
  2 flayed ghosts
  45 skeletal warriors
  A fire crab (shapeshifter) (Vaults:1)
  An anaconda zombie (Crypt:3)
  14 sea snakes
  4 shadow wraiths
  4 unseen horrors
  An unseen horror (shapeshifter) (Depths:1)
  17 deep trolls
  A glowing orange brain (Vaults:2)
  6 hell knights (Crypt:3)
  A lindwurm (Lair:6)
  A wizard (Depths:2)
  2 obsidian statues
  14 deep elf archers
  A kraken simulacrum (Shoals:4)
  6 phantasmal warriors
  Pikel (D:7)
  12 ironbrand convokers
  16 orc knights
  7 naga ritualists
  2 shadow dragon zombies
  16 ugly things
  6 mana vipers
  An orb spider (shapeshifter) (Depths:2)
  9 orc sorcerers
  10 necromancers
  4 wolf spiders
  19 harpies
  A goliath frog skeleton (Crypt:1)
  9 cyclopes
  15 manticores
  18 salamanders
  An oklob plant (Lair:2)
  12 fauns
  8 shining eyes
  67 deep elf magi
  5 merfolk sirens
  A centaur zombie (D:14)
  A shock serpent zombie (Crypt:3)
  9 elephants (Lair:6)
  4 ice statues
  A rust devil (Orc:2)
  21 naga magi
  11 vault sentinels
  A stone giant skeleton (Crypt:1)
  43 black mambas
  An orange demon (Orc:2)
  A water nymph (Shoals:1)
  An eye of devastation (Slime:4)
  A frost giant skeleton (Vaults:3)
  A guardian serpent (shapeshifter) (Vaults:4)
  5 guardian serpents
  3 torpor snails (Lair:6)
  A gargoyle (D:12)
  A kobold demonologist (D:13)
  A torpor snail (shapeshifter) (Vaults:3)
  7 rime drakes
  12 cane toads
  A freezing wraith (Crypt:2)
  An efreet (Gauntlet)
  63 yaktaurs
  A dire elephant skeleton (Crypt:3)
  4 komodo dragons
  A rime drake (shapeshifter) (Vaults:1)
  A catoblepas skeleton (Crypt:3)
  A golden dragon simulacrum (IceCv)
  An anaconda simulacrum (IceCv)
  A yaktaur skeleton (Vaults:3)
  15 ice devils
  2 white draconian skeletons
  2 guardian mummies (Crypt:1)
  A troll (shapeshifter) (Vaults:3)
  18 merfolk
  2 tengu conjurers
  7 trolls
  A merfolk (shapeshifter) (Vaults:3)
  3 wind drakes
  A polar bear (Lair:4)
  4 hornets
  2 hydra skeletons (Crypt:3)
  A hornet (shapeshifter) (Vaults:1)
  A saltling (Elf:1)
  7 blink frogs
  An ice dragon zombie (Crypt:3)
  3 snapping turtles
  69 slime creatures
  A dream sheep (shapeshifter) (Vaults:1)
  A dream sheep (Lair:6)
  A fire dragon skeleton (Crypt:3)
  3 air elementals
  A redback (shapeshifter) (Vaults:4)
  A dire elephant simulacrum (IceCv)
  An alligator skeleton (Crypt:1)
  2 ice dragon skeletons
  32 flying skulls
  3 redbacks (Lair:6)
  5 wyverns
  2 shadows
  A vampire (D:12)
  13 wraiths
  46 yaks
  9 fire elementals
  An ettin skeleton (Crypt:1)
  23 water elementals
  A golden eye (Slime:2)
  3 hogs
  2 basilisks
  Eustachio (D:5)
  10 steam dragons (Lair:2)
  2 human simulacra (Vaults:3)
  A neqoxec (Orc:2)
  Menkaure (D:5)
  7 wargs
  65 nagas
  4 harpy simulacra (IceCv)
  3 soldier ants
  An acid dragon (Lair:2)
  A cane toad zombie (Crypt:1)
  A floating eye (Slime:4)
  18 water moccasins
  A hydra simulacrum (IceCv)
  An iron troll simulacrum (IceCv)
  3 hell hounds
  A floating eye (shapeshifter) (Vaults:2)
  43 orc warriors
  6 eyes of draining
  4 sky beasts
  6 ice beasts
  A black bear (shapeshifter) (Vaults:3)
  2 necrophages
  41 ogres
  An ogre (shapeshifter) (Depths:2)
  2 phantoms
  13 wolves
  21 boggarts
  28 centaurs
  A torpor snail zombie (Crypt:2)
  2 big kobolds
  A palentonga zombie (Crypt:2)
  13 bullfrogs
  A gnoll sergeant (D:6)
  5 earth elementals
  A water moccasin zombie (D:8)
  6 human skeletons
  10 killer bees
  7 scorpions
  4 howler monkeys
  8 wights
  2 electric eels (D:15)
  11 hounds
  2 human zombies (Crypt:1)
  6 jellies
  A wolf skeleton (Crypt:2)
  3 bullfrog skeletons
  5 centaur skeletons
  29 orc priests
  A gnoll shaman (D:7)
  28 orc wizards
  Natasha (thrice) (D:2)
  3 iguanas
  12 worker ants
  Ijyb (D:3)
  A felid zombie (Crypt:1)
  A deep dwarf skeleton (Crypt:1)
  An ogre skeleton (Crypt:1)
  3 hound zombies
  A mummy (Crypt:1)
  30 gnolls
  A worker ant zombie (Crypt:2)
  13 adders
  3 shadow imps
  4 white imps
  3 ufetubi
  2 adder skeletons
  An adder zombie (D:8)
  A worm (D:3)
  A dart slug (D:1)
  5 leopard geckos
  113 orcs
  5 giant cockroaches
  25 goblins
  24 hobgoblins
  5 jackals
  14 kobolds
  8 quokkas
  2 ball pythons
  7 bats
  4 frilled lizards
  A gnoll zombie (Crypt:1)
  2 orc skeletons (Crypt:2)
  2 quokka skeletons
  A quokka zombie (D:5)
  6 rats
  10 bushes (D:5)
2058 creatures vanquished.

Vanquished Creatures (collateral kills)
  the Royal Jelly (Slime:5)
  Vashnia (Snake:4)
  3 acid blobs
  Frances (D:12)
  An azure jelly (Slime:5)
  An ironheart preserver (Vaults:4)
  Aizul (Elf:1)
  A very ugly thing (Depths:1)
  3 deep elf annihilators
  An ettin (Orc:2)
  A deep elf death mage (Elf:3)
  A merfolk javelineer (Shoals:4)
  A death ooze (Slime:5)
  A deep elf high priest (Elf:3)
  A great orb of eyes (Slime:5)
  An ice dragon (Vaults:3)
  A boulder beetle (D:12)
  An anaconda (Snake:1)
  A rakshasa (Vaults:3)
  A merfolk aquamancer (Shoals:4)
  A naga warrior (Snake:4)
  2 centaur warriors
  A merfolk avatar (Shoals:2)
  3 two-headed ogres
  2 catoblepae
  6 death yaks
  A deep troll earth mage (Depths:1)
  2 naga sharpshooters (Snake:4)
  2 orc high priests (Orc:2)
  3 skeletal warriors
  A salamander mystic (Snake:4)
  2 sea snakes
  An unseen horror (shapeshifter) (Elf:2)
  A flayed ghost (Vaults:4)
  An infernal demonspawn (Orc:2)
  A torturous demonspawn (Orc:2)
  A gelid demonspawn (Orc:2)
  7 deep elf archers
  An orc knight (Orc:2)
  A phantasmal warrior (Crypt:2)
  5 harpies (Shoals:1)
  A wolf spider (Lair:6)
  A mana viper (Snake:4)
  An orc sorcerer (Elf:1)
  2 fauns (Shoals:1)
  10 deep elf magi
  A manticore (Shoals:2)
  An iron dragon skeleton (Crypt:3)
  3 elephants (Lair:6)
  9 black mambas
  2 guardian serpents
  A naga mage (Snake:1)
  2 water nymphs
  A cane toad (Lair:4)
  A yaktaur (Vaults:2)
  Maggie (D:10)
  A freezing wraith (Vaults:2)
  3 rime drakes (Lair:2)
  2 komodo dragons
  2 merfolk (Shoals:3)
  A saltling (Elf:1)
  A blink frog (Lair:5)
  5 slime creatures
  2 dream sheep (Lair:6)
  2 snapping turtles (Shoals:1)
  4 yaks
  7 wyverns
  2 basilisks
  5 steam dragons (Lair:2)
  4 nagas
  An iron troll simulacrum (IceCv)
  An acid dragon (D:12)
  4 water moccasins
  2 hell hounds (D:12)
  12 orc warriors
  A swamp drake (D:12)
  2 eyes of draining
  A black bear (D:12)
  An ettin simulacrum (Crypt:2)
  3 ogres
  3 wolves
  2 bullfrogs
  A wight (D:12)
  A yaktaur simulacrum (Vaults:1)
  A hound (D:12)
  2 orc priests
  An orc wizard (Orc:1)
  A worker ant (D:10)
  A gnoll (Bailey)
  An adder (Lair:4)
  17 orcs
  2 hobgoblins (Bailey)
  A butterfly (Lair:6)
209 creatures vanquished.

Vanquished Creatures (others)
  A dancing weapon (Crypt:3)
  A skeletal warrior (Vaults:2)
  An iron troll (Depths:2)
  A swamp dragon (shapeshifter) (Vaults:2)
  A hound (D:12)
  7 demonic plants (Gauntlet)
  34 fungi
  255 plants
  3 tentacles (Shoals:4)
304 creatures vanquished.

Grand Total: 2571 creatures vanquished

Notes
Turn   | Place    | Note
-------+----------+-------------------------------------------
     0 | D:1      | pistachioham the Gnoll Arcane Marksman began the quest for
                  | the Orb.
     0 | D:1      | Reached XP level 1. HP: 17/17 MP: 4/4
    92 | D:1      | Reached XP level 2. HP: 22/23 MP: 5/5
    95 | D:1      | Learned a level 2 spell: Slow
   597 | D:1      | Reached XP level 3. HP: 28/28 MP: 5/7
   914 | D:2      | Noticed Natasha
   979 | D:2      | Reached skill level 1 in Invocations
  1265 | D:2      | Learned a level 3 spell: Portal Projectile
  1271 | D:2      | Killed Natasha
  1272 | D:2      | Reached skill level 1 in Short Blades
  1272 | D:2      | Reached skill level 1 in Long Blades
  1272 | D:2      | Reached skill level 1 in Axes
  1272 | D:2      | Reached skill level 1 in Maces & Flails
  1272 | D:2      | Reached skill level 1 in Polearms
  1272 | D:2      | Reached skill level 1 in Staves
  1272 | D:2      | Reached skill level 1 in Slings
  1272 | D:2      | Reached skill level 1 in Crossbows
  1272 | D:2      | Reached skill level 1 in Throwing
  1272 | D:2      | Reached skill level 1 in Armour
  1272 | D:2      | Reached skill level 1 in Stealth
  1272 | D:2      | Reached skill level 1 in Shields
  1272 | D:2      | Reached skill level 1 in Unarmed Combat
  1272 | D:2      | Reached skill level 1 in Evocations
  1272 | D:2      | Reached XP level 4. HP: 31/34 MP: 6/8
  1299 | D:2      | Noticed Natasha
  1304 | D:2      | Killed Natasha
  1305 | D:2      | Reached skill level 1 in Conjurations
  1305 | D:2      | Reached skill level 1 in Summonings
  1305 | D:2      | Reached skill level 1 in Necromancy
  1305 | D:2      | Reached skill level 1 in Translocations
  1305 | D:2      | Reached skill level 1 in Transmutations
  1305 | D:2      | Reached skill level 1 in Fire Magic
  1305 | D:2      | Reached skill level 1 in Ice Magic
  1305 | D:2      | Reached skill level 1 in Air Magic
  1305 | D:2      | Reached skill level 1 in Earth Magic
  1305 | D:2      | Reached skill level 1 in Poison Magic
  1634 | D:2      | Noticed Natasha
  1649 | D:2      | Killed Natasha
  1650 | D:2      | Reached XP level 5. HP: 28/40 MP: 9/9
  1982 | D:2      | Found a stormy altar of Qazlal.
  2249 | D:3      | Learned a level 3 spell: Inner Flame
  2528 | D:3      | Found a sparkling altar of Nemelex Xobeh.
  2539 | D:3      | Noticed Ijyb
  2568 | D:2      | Reached XP level 6. HP: 4/47 MP: 1/11
  2870 | D:3      | Killed Ijyb
  3325 | D:3      | Reached skill level 5 in Bows
  3325 | D:3      | Reached skill level 5 in Dodging
  3579 | D:4      | Noticed a phantom
  3611 | D:4      | Killed a phantom
  3612 | D:4      | Reached XP level 7. HP: 30/52 MP: 9/12
  5021 | D:4      | Found a burning altar of Makhleb.
  5022 | D:4      | Noticed an Executioner
  5027 | D:4      | Noticed a hellwing
  5027 | D:4      | Noticed a smoke demon
  5039 | D:5      | Entered Level 5 of the Dungeon
  5039 | D:5      | Noticed Menkaure
  5039 | D:5      | Noticed Eustachio
  5435 | D:5      | Reached XP level 8. HP: 36/60 MP: 14/14
  5833 | D:5      | Upgraded the game from 0.26-a0-1129-gc5df7fbe6a to
                  | 0.26-a0-1132-ge9770dfcb6
  6486 | D:5      | Killed Eustachio
  6653 | D:5      | Killed Menkaure
  7011 | D:6      | Learned a level 4 spell: Cause Fear
  7081 | D:6      | Got a shimmering cloak
  7087 | D:6      | Identified the +1 cloak "Heikh" {*Contam rN+++ Will+
                  | Stlth+} (You found it on level 6 of the Dungeon)
  7153 | D:6      | Found a white marble altar of Elyvilon.
  7155 | D:6      | Found an ancient bone altar of Kikubaaqudgha.
  7156 | D:6      | Found a shimmering blue altar of Sif Muna.
  7156 | D:6      | Found a hazy altar of Hepliaklqana.
  7356 | D:6      | Reached XP level 9. HP: 66/66 MP: 16/16
  7752 | D:6      | Became a worshipper of Sif Muna the Loreminder
  7853 | D:6      | Reached skill level 5 in Spellcasting
  8402 | D:6      | Reached skill level 5 in Fighting
  8691 | D:6      | Reached * piety under Sif Muna
  9168 | D:7      | Found a snail-covered altar of Cheibriados.
  9304 | D:7      | Found a broken altar of Ashenzari.
  9330 | D:7      | Noticed Pikel
  9349 | D:7      | Killed Pikel
  9350 | D:7      | Reached skill level 5 in Invocations
  9519 | D:7      | Found a staircase to the Ecumenical Temple.
 10169 | D:8      | Reached XP level 10. HP: 72/74 MP: 18/18
 10395 | D:8      | Reached ** piety under Sif Muna
 10396 | D:8      | Reached skill level 5 in Short Blades
 10396 | D:8      | Reached skill level 5 in Long Blades
 10396 | D:8      | Reached skill level 5 in Axes
 10396 | D:8      | Reached skill level 5 in Maces & Flails
 10396 | D:8      | Reached skill level 5 in Polearms
 10396 | D:8      | Reached skill level 5 in Staves
 10396 | D:8      | Reached skill level 5 in Slings
 10396 | D:8      | Reached skill level 5 in Crossbows
 10396 | D:8      | Reached skill level 5 in Throwing
 10396 | D:8      | Reached skill level 5 in Armour
 10396 | D:8      | Reached skill level 5 in Stealth
 10396 | D:8      | Reached skill level 5 in Shields
 10396 | D:8      | Reached skill level 5 in Unarmed Combat
 10396 | D:8      | Reached skill level 5 in Evocations
 10921 | D:8      | Noticed Gastronok
 10967 | D:8      | Noticed Erica
 10996 | D:8      | Gained mutation: You are partially covered in icy blue
                  | scales. (AC +2) [potion of mutation]
 10996 | D:8      | Gained mutation: You do not regenerate when monsters are
                  | visible. [potion of mutation]
 10996 | D:8      | Gained mutation: Your muscles are strong. (Str +2) [potion
                  | of mutation]
 10998 | D:8      | Killed Erica
 11498 | D:8      | Learned a level 4 spell: Summon Lightning Spire
 11561 | D:8      | Found a radiant altar of Vehumet.
 11740 | D:9      | Found a flagged portal.
 11811 | Bailey   | Entered a bailey
 11871 | Bailey   | Reached *** piety under Sif Muna
 12211 | Bailey   | Noticed an orc knight
 12229 | Bailey   | Killed an orc knight
 12719 | Bailey   | Noticed an orc warlord
 12735 | Bailey   | Killed an orc warlord
 12736 | Bailey   | Reached skill level 5 in Conjurations
 12736 | Bailey   | Reached skill level 5 in Summonings
 12736 | Bailey   | Reached skill level 5 in Necromancy
 12736 | Bailey   | Reached skill level 5 in Translocations
 12736 | Bailey   | Reached skill level 5 in Transmutations
 12736 | Bailey   | Reached skill level 5 in Fire Magic
 12736 | Bailey   | Reached skill level 5 in Ice Magic
 12736 | Bailey   | Reached skill level 5 in Air Magic
 12736 | Bailey   | Reached skill level 5 in Earth Magic
 12736 | Bailey   | Reached skill level 5 in Poison Magic
 12736 | Bailey   | Reached XP level 11. HP: 50/83 MP: 18/21
 13475 | D:9      | Reached **** piety under Sif Muna
 13712 | D:10     | Entered Level 10 of the Dungeon
 13865 | D:9      | Noticed an unseen horror
 13872 | D:9      | Killed an unseen horror
 14117 | D:9      | Found a staircase to the Lair.
 14412 | D:9      | Found Lotych's Antique Armour Emporium.
 14424 | D:9      | Bought a pair of scorched boots for 199 gold pieces
 14429 | D:9      | Identified the cursed +0 pair of boots "Biumueja" {-Tele
                  | Int+3 SInv} (You bought it in a shop on level 9 of the
                  | Dungeon)
 14780 | D:10     | Reached ***** piety under Sif Muna
 14780 | D:10     | Identified Sif Muna's Collected Works on Attacks (Sif Muna
                  | gifted it to you on level 10 of the Dungeon)
 14780 | D:10     | Received a gift from Sif Muna
 14831 | D:10     | Noticed Maggie
 14839 | D:10     | Killed Maggie
 15072 | D:10     | Noticed Urug
 15234 | D:10     | Noticed Snorg
 15396 | D:10     | Killed Urug
 15420 | D:10     | Killed Snorg
 15421 | D:10     | Reached XP level 12. HP: 57/91 MP: 8/23
 15634 | D:11     | Noticed Nergalle
 15660 | D:11     | Found Qimot's Antique Weapon Shop.
 15662 | D:11     | Noticed Fannar
 15675 | D:11     | Learned a level 5 spell: Fireball
 15692 | D:11     | Killed Fannar
 15870 | D:11     | Killed Nergalle
 16446 | D:11     | Lost mutation: You are partially covered in icy blue
                  | scales. (AC +2) [potion of mutation]
 16446 | D:11     | Lost mutation: You do not regenerate when monsters are
                  | visible. [potion of mutation]
 16446 | D:11     | Gained mutation: You are somewhat resistant to further
                  | mutation. [potion of mutation]
 16446 | D:11     | Gained mutation: You have a somewhat thin skeletal
                  | structure. (Dex +2, Stealth) [potion of mutation]
 16830 | D:12     | Noticed Frances
 16849 | D:12     | Killed Frances
 17005 | D:12     | Noticed Azrael
 18101 | D:11     | Reached XP level 13. HP: 99/99 MP: 25/25
 18102 | D:11     | Reached XP level 14. HP: 106/106 MP: 25/27
 18895 | D:12     | Found a staircase to the Orcish Mines.
 18975 | D:12     | Learned a level 2 spell: Wereblood
 18989 | Orc:1    | Entered Level 1 of the Orcish Mines
 19870 | Orc:2    | Entered Level 2 of the Orcish Mines
 20105 | Orc:2    | Found Dokih's Magic Scroll Shop.
 20126 | Orc:2    | Bought a scroll of blinking for 105 gold pieces
 20126 | Orc:2    | Bought a scroll of blinking for 105 gold pieces
 20187 | Orc:2    | Found a staircase to the Elven Halls.
 20262 | Orc:1    | Found a runed translucent gate.
 20262 | Orc:1    | Found a runed translucent gate.
 20262 | Orc:1    | Found a runed translucent gate.
 20267 | Orc:1    | Noticed IdlyInterested's ghost (journeyman GrFi)
 20270 | Orc:1    | Found an iron altar of Okawaru.
 20479 | Orc:2    | Found a roughly hewn altar of Beogh.
 20724 | Orc:2    | Reached skill level 10 in Bows
 20724 | Orc:2    | Reached skill level 10 in Dodging
 20731 | Orc:2    | Reached XP level 15. HP: 45/113 MP: 20/28
 20881 | Orc:2    | Noticed Josephine
 20894 | Orc:2    | Killed Josephine
 21135 | Orc:2    | Found Veute's General Store.
 21143 | Orc:2    | Found Wurghucey's Distillery.
 21162 | Orc:2    | Received a gift from Sif Muna
 21494 | Orc:2    | Bought a potion of invisibility for 136 gold pieces
 21494 | Orc:2    | Bought a potion of heal wounds for 85 gold pieces
 21530 | Orc:2    | Bought a potion of haste for 140 gold pieces
 21750 | Orc:2    | Bought a scroll of blinking for 105 gold pieces
 21879 | Orc:2    | HP: 4/114 [orc high priest/divine providence (13)]
 22407 | Orc:2    | Reached skill level 10 in Invocations
 22894 | Orc:2    | Found Kourphyng's Gadget Boutique.
 22894 | Orc:2    | Found Foizaisa's Antique Armour Shop.
 22913 | Orc:2    | Found a one-way gate leading to the halls of Pandemonium.
 23062 | Orc:2    | Bought a wand of disintegration (21) for 250 gold pieces
 23062 | Orc:2    | Bought a wand of iceblast (9) for 130 gold pieces
 23064 | Orc:2    | Bought a pair of runed boots for 255 gold pieces
 23069 | Orc:2    | Identified a +1 pair of boots of running (You bought it in
                  | a shop on level 2 of the Orcish Mines)
 23274 | Lair:1   | Entered Level 1 of the Lair of Beasts
 23501 | Lair:1   | Learned a level 5 spell: Iskenderun's Battlesphere
 24333 | Lair:2   | Found a staircase to the Shoals.
 25108 | Lair:2   | Reached skill level 10 in Spellcasting
 25710 | Lair:2   | Reached skill level 10 in Fighting
 25979 | Lair:2   | Identified Sif Muna's Tome of Dark Combat Magic (Sif Muna
                  | gifted it to you on level 2 of the Lair of Beasts)
 25979 | Lair:2   | Received a gift from Sif Muna
 25987 | Lair:2   | Learned a level 5 spell: Irradiate
 27108 | Lair:4   | Found a staircase to the Snake Pit.
 27147 | Lair:4   | You fall into a shaft and drop 1 floor!
 27575 | Lair:4   | Reached skill level 10 in Hexes
 28300 | Lair:5   | Reached XP level 16. HP: 102/122 MP: 21/30
 28305 | Lair:5   | Reached skill level 10 in Short Blades
 28305 | Lair:5   | Reached skill level 10 in Long Blades
 28305 | Lair:5   | Reached skill level 10 in Axes
 28305 | Lair:5   | Reached skill level 10 in Maces & Flails
 28305 | Lair:5   | Reached skill level 10 in Polearms
 28305 | Lair:5   | Reached skill level 10 in Staves
 28305 | Lair:5   | Reached skill level 10 in Slings
 28305 | Lair:5   | Reached skill level 10 in Crossbows
 28305 | Lair:5   | Reached skill level 10 in Throwing
 28305 | Lair:5   | Reached skill level 10 in Armour
 28305 | Lair:5   | Reached skill level 10 in Stealth
 28305 | Lair:5   | Reached skill level 10 in Shields
 28305 | Lair:5   | Reached skill level 10 in Unarmed Combat
 28305 | Lair:5   | Reached skill level 10 in Evocations
 28757 | Lair:5   | Found a viscous altar of Jiyva.
 28757 | Lair:5   | Found a staircase to the Slime Pits.
 28782 | Lair:5   | Received a gift from Sif Muna
 28829 | Lair:5   | Upgraded the game from 0.26-a0-1132-ge9770dfcb6 to
                  | 0.26-a0-1139-g7d2dc893a1
 29055 | Lair:6   | Entered Level 6 of the Lair of Beasts
 30450 | Lair:6   | Learned a level 6 spell: Freezing Cloud
 30919 | Lair:6   | Noticed Kirke
 31044 | Lair:6   | Killed Kirke
 32004 | Lair:6   | Identified Sif Muna's Tome of Orientation and the Frostbite
                  | (Sif Muna gifted it to you on level 6 of the Lair of
                  | Beasts)
 32004 | Lair:6   | Received a gift from Sif Muna
 32443 | Elf:1    | Entered Level 1 of the Elven Halls
 33049 | Elf:1    | Identified Opoxt's Compendium of Conjuration
 33069 | Elf:1    | Found a ruined gateway.
 33084 | Elf:1    | Reached XP level 17. HP: 82/131 MP: 22/32
 33231 | Elf:1    | Got a translucent plate armour
 33255 | Orc:2    | Identified the cursed +0 plate armour "Orroasib" {Regen+}
                  | (You found it on level 1 of the Elven Halls)
 33287 | Elf:1    | Identified the +4 falchion "Fetid" {vamp, *Noise rElec
                  | Dex+2}
 33832 | Elf:1    | Noticed Aizul
 34091 | D:12     | Killed Azrael
 34379 | Shoals:1 | Entered Level 1 of the Shoals
 35430 | Shoals:1 | Found Ogeyrew's Armour Emporium.
 37400 | Shoals:3 | Noticed Polyphemus
 37789 | Shoals:3 | Noticed a kraken
 38220 | Shoals:3 | Killed Polyphemus
 38348 | Shoals:4 | Entered Level 4 of the Shoals
 38568 | Shoals:4 | Found a frozen archway.
 38595 | IceCv    | Entered an ice cave
 38725 | IceCv    | Reached XP level 18. HP: 140/140 MP: 2/33
 39762 | IceCv    | Identified a scroll of acquirement
 39835 | Shoals:4 | Reached skill level 10 in Conjurations
 39835 | Shoals:4 | Reached skill level 10 in Summonings
 39835 | Shoals:4 | Reached skill level 10 in Necromancy
 39835 | Shoals:4 | Reached skill level 10 in Translocations
 39835 | Shoals:4 | Reached skill level 10 in Transmutations
 39835 | Shoals:4 | Reached skill level 10 in Fire Magic
 39835 | Shoals:4 | Reached skill level 10 in Ice Magic
 39835 | Shoals:4 | Reached skill level 10 in Air Magic
 39835 | Shoals:4 | Reached skill level 10 in Earth Magic
 39835 | Shoals:4 | Reached skill level 10 in Poison Magic
 40300 | Shoals:4 | Got a twitching marble ring
 40317 | Shoals:4 | Identified the ring "Ethruoheu" {rN+ rCorr Int+3 Dex+3}
                  | (You found it on level 4 of the Shoals)
 40405 | Shoals:4 | Learned a level 4 spell: Passage of Golubria
 40985 | Shoals:4 | Got a barnacled rune of Zot
 41389 | D:9      | Acquired a +6 ring of strength
 41563 | Elf:1    | Killed Aizul
 42383 | Elf:2    | Found a runed translucent gate.
 42384 | Elf:2    | Found a runed translucent gate.
 42407 | Elf:2    | Learned a level 2 spell: Searing Ray
 42780 | Elf:2    | Found a runed translucent gate.
 42817 | Elf:2    | Found Qabeirik's Antique Armour Emporium.
 44651 | Elf:3    | Entered Level 3 of the Elven Halls
 44920 | Elf:3    | Upgraded the game from 0.26-a0-1139-g7d2dc893a1 to
                  | 0.26-a0-1147-g3780a7a11b
 45032 | Elf:3    | Noticed a deep elf blademaster
 45038 | Elf:3    | Noticed a deep elf blademaster
 45039 | Elf:3    | Noticed a deep elf master archer
 45045 | Elf:3    | Killed a deep elf blademaster
 45063 | Elf:3    | Killed a deep elf blademaster
 45145 | Elf:3    | Killed a deep elf master archer
 45146 | Elf:3    | Reached XP level 19. HP: 103/147 MP: 27/35
 45317 | Elf:3    | Identified Sif Muna's Grimoire of Shifting Clay (Sif Muna
                  | gifted it to you on level 3 of the Elven Halls)
 45317 | Elf:3    | Received a gift from Sif Muna
 45706 | Elf:3    | Identified the cursed +1 mace of Elatum {pain, rElec Str-2
                  | SInv}
 46202 | Elf:3    | Found Piroin's Gadget Boutique.
 46572 | Elf:3    | Identified the +10 battleaxe of Jifoguop {spect, *Noise rN+
                  | Str+2}
 46572 | Elf:3    | Identified the +10 battleaxe of Jifoguop {spect, *Noise rN+
                  | Str+2}
 46572 | Elf:3    | Identified the +8 quarterstaff of the Neverending Tables
                  | {freeze, rF- rN+ Dex+6 SInv}
 46588 | Elf:3    | Cast into level 2 of the Abyss (a deep elf sorcerer)
 46592 | Elf:3    | Escaped the Abyss
 46971 | Elf:3    | Bought a wand of acid (8) for 360 gold pieces
 47125 | Elf:3    | Identified the ring of Contentment {+Blink MP+9 SInv}
 47353 | Elf:3    | Identified Sif Muna's Guide on Feathery Necromancy
 47363 | Elf:3    | Identified the Almanac of the Volcanoes
 47603 | Elf:3    | Identified the +1 robe "Eciovue" {rN+}
 47655 | Elf:3    | Identified the cursed +1 great mace of Egomania {spect,
                  | rPois rF+ rC+ Int+3}
 47656 | Elf:3    | Identified the cursed +1 great mace of Egomania {spect,
                  | rPois rF+ rC+ Int+3}
 48091 | Elf:3    | Got a slimy buckler
 48098 | Elf:3    | Identified the cursed +0 buckler of Heresy {MP+9 Dex+4
                  | Stlth+} (You found it on level 3 of the Elven Halls)
 48104 | Elf:3    | Got a smouldering whip
 48105 | Elf:3    | Identified the +2 whip of the Illusory Songs {vorpal, rF-
                  | rC+ Dex+3} (You found it on level 3 of the Elven Halls)
 49148 | D:13     | Found a gate to the Vaults.
 49361 | D:13     | Identified Ufuhibifom's Tome of Ignition (Sif Muna gifted
                  | it to you on level 13 of the Dungeon)
 49361 | D:13     | Received a gift from Sif Muna
 49638 | D:14     | Found Feuhuibu's Book Emporium.
 49680 | D:14     | Found Yrodafax's Antique Weapon Shoppe.
 49830 | D:14     | Found Qior Hidd's Assorted Antiques.
 49840 | D:14     | Found a runed translucent door.
 49842 | D:14     | Found a white marble altar of Elyvilon.
 49876 | D:14     | Found a gate leading to a gauntlet.
 49885 | Gauntlet | Entered a Gauntlet
 49885 | Gauntlet | Found a transporter.
 49885 | Gauntlet | Found a transporter.
 49885 | Gauntlet | Found a transporter.
 49905 | Gauntlet | Found a transporter.
 49917 | Gauntlet | Found a transporter.
 49949 | Gauntlet | Found a transporter.
 49958 | Gauntlet | Found a transporter.
 49965 | Gauntlet | Found a transporter.
 49971 | Gauntlet | Found a transporter.
 49977 | Gauntlet | Found a transporter.
 50016 | Gauntlet | Found a transporter.
 50041 | Gauntlet | Found a transporter.
 50265 | Gauntlet | Got a spiked cloak
 50266 | Gauntlet | Identified the -3 cloak of the Wilderness {Dex+3 SInv} (You
                  | found it in a Gauntlet)
 50303 | Gauntlet | Got a twisted cloak
 50309 | Gauntlet | Identified the +0 cloak of Least Resistance {+Fly Int+2
                  | Dex+2} (You found it in a Gauntlet)
 50587 | D:14     | Bought a potion of heal wounds for 165 gold pieces
 50962 | D:14     | Found Femo's Weapon Shoppe.
 51635 | D:15     | Entered Level 15 of the Dungeon
 52195 | D:15     | Found a staircase to the Depths.
 52691 | D:15     | Reached XP level 20. HP: 156/156 MP: 37/37
 53106 | Snake:1  | Entered Level 1 of the Snake Pit
 53245 | Snake:1  | Found Riucw's Gadget Shoppe.
 53249 | Snake:1  | Found Tymyev's Magic Scroll Shoppe.
 53249 | Snake:1  | Found Ediem's Jewellery Shoppe.
 53260 | Snake:1  | Found Hiczod's Gadget Shoppe.
 53285 | Snake:1  | Bought a wand of iceblast (9) for 169 gold pieces
 53285 | Snake:1  | Bought a wand of acid (11) for 390 gold pieces
 53297 | Snake:1  | Noticed Donald
 53309 | Snake:1  | Killed Donald
 54906 | Snake:2  | Found Sepacof's Gadget Shoppe.
 55113 | Snake:2  | Found a blossoming altar of Fedhas.
 55190 | Snake:2  | Found Zucheufi's Armour Shoppe.
 55632 | Snake:2  | Got a jewelled scale mail
 55633 | Snake:2  | Identified the +8 scale mail of Vilit {Int+2} (You found it
                  | on level 2 of the Snake Pit)
 56367 | Snake:2  | Found Ruafol's Jewellery Boutique.
 56368 | Snake:2  | Found Luefiez's Gadget Shoppe.
 56376 | Snake:2  | Bought the ring "Osex" {rPois Stlth+} for 298 gold pieces
 56381 | Snake:2  | Bought a wand of disintegration (10) for 266 gold pieces
 57413 | Snake:3  | Learned a level 6 spell: Iron Shot
 57673 | Snake:3  | Found a shadowy altar of Dithmenos.
 57677 | Snake:3  | Noticed Jorgrun
 57728 | Snake:3  | Killed Jorgrun
 58381 | Snake:3  | Identified the +5 dagger of Brawling {venom, +Fly rN+ Str+2
                  | Stlth-}
 58390 | Snake:3  | Identified Sif Muna's Sophisticated Secret Knowledge (Sif
                  | Muna gifted it to you on level 3 of the Snake Pit)
 58390 | Snake:3  | Received a gift from Sif Muna
 59214 | Snake:4  | Entered Level 4 of the Snake Pit
 60029 | Snake:4  | Noticed Roxanne
 60145 | Snake:4  | Reached XP level 21. HP: 161/164 MP: 19/38
 60889 | Snake:4  | Noticed Vashnia
 61541 | Snake:4  | Killed Vashnia
 61844 | Snake:4  | Identified Gexkerch's Incunabulum of Dusty Bewitchment (Sif
                  | Muna gifted it to you on level 4 of the Snake Pit)
 61844 | Snake:4  | Received a gift from Sif Muna
 62515 | Snake:4  | Got a serpentine rune of Zot
 62516 | Snake:4  | Upgraded the game from 0.26-a0-1147-g3780a7a11b to
                  | 0.26-a0-1164-g1a551d6a14
 62594 | Snake:4  | Killed Roxanne
 62910 | Vaults:1 | Entered Level 1 of the Vaults
 63720 | Vaults:1 | Reached skill level 15 in Invocations
 65366 | Vaults:2 | Identified Sif Muna's Grimoire of Earth and Changing (Sif
                  | Muna gifted it to you on level 2 of the Vaults)
 65366 | Vaults:2 | Received a gift from Sif Muna
 65676 | Vaults:2 | Reached XP level 22. HP: 155/173 MP: 40/40
 66748 | Vaults:2 | Found Plog's Assorted Antiques.
 67009 | Vaults:2 | Bought a scroll of enchant weapon for 285 gold pieces
 67009 | Vaults:2 | Bought a potion of invisibility for 304 gold pieces
 68237 | Vaults:3 | Identified Qelacomo's Papyrus of Confrontation (Sif Muna
                  | gifted it to you on level 3 of the Vaults)
 68237 | Vaults:3 | Received a gift from Sif Muna
 68905 | Vaults:3 | Reached skill level 15 in Bows
 68905 | Vaults:3 | Reached skill level 15 in Dodging
 69196 | Vaults:3 | You fall into a shaft and drop 1 floor!
 69911 | Vaults:3 | Identified Dawkif's Collected Works on Toxic Confrontation
                  | (Sif Muna gifted it to you on level 3 of the Vaults)
 69911 | Vaults:3 | Received a gift from Sif Muna
 70318 | Vaults:3 | Found a portal to a secret trove of treasure.
 70393 | Vaults:3 | Identified the cursed +3 trident "Netroive" {vorpal, Will+}
 70609 | Vaults:3 | Found a staircase to the Crypt.
 72281 | Vaults:4 | Reached XP level 23. HP: 180/180 MP: 41/41
 72589 | Vaults:4 | Reached skill level 15 in Spellcasting
 72842 | Vaults:4 | Reached skill level 15 in Fighting
 73713 | Vaults:4 | Upgraded the game from 0.26-a0-1164-g1a551d6a14 to
                  | 0.26-a0-1177-g1209ec82b9
 75168 | D:13     | Upgraded the game from 0.26-a0-1177-g1209ec82b9 to
                  | 0.26-a0-1184-g95e395e029
 75298 | Orc:2    | Bought a scroll of summoning for 133 gold pieces
 75298 | Orc:2    | Bought a scroll of enchant armour for 105 gold pieces
 75304 | Orc:2    | Learned a level 4 spell: Dispel Undead
 75595 | Crypt:1  | Entered Level 1 of the Crypt
 75632 | Crypt:1  | Identified Sif Muna's Collected Works on Bewitching
                  | Changing (Sif Muna gifted it to you on level 1 of the
                  | Crypt)
 75632 | Crypt:1  | Received a gift from Sif Muna
 75766 | Crypt:1  | Reached skill level 15 in Short Blades
 75766 | Crypt:1  | Reached skill level 15 in Long Blades
 75766 | Crypt:1  | Reached skill level 15 in Axes
 75766 | Crypt:1  | Reached skill level 15 in Maces & Flails
 75766 | Crypt:1  | Reached skill level 15 in Polearms
 75766 | Crypt:1  | Reached skill level 15 in Staves
 75766 | Crypt:1  | Reached skill level 15 in Slings
 75766 | Crypt:1  | Reached skill level 15 in Crossbows
 75766 | Crypt:1  | Reached skill level 15 in Throwing
 75766 | Crypt:1  | Reached skill level 15 in Armour
 75766 | Crypt:1  | Reached skill level 15 in Stealth
 75766 | Crypt:1  | Reached skill level 15 in Shields
 75766 | Crypt:1  | Reached skill level 15 in Unarmed Combat
 75766 | Crypt:1  | Reached skill level 15 in Evocations
 76891 | Crypt:3  | Entered Level 3 of the Crypt
 77299 | Crypt:2  | Identified Buofrogi's Reference Book on the Shifting
                  | Arsonist (Sif Muna gifted it to you on level 2 of the
                  | Crypt)
 77299 | Crypt:2  | Received a gift from Sif Muna
 77617 | Crypt:1  | Noticed Frederick
 77645 | Crypt:1  | Killed Frederick
 79039 | Crypt:3  | Reached XP level 24. HP: 172/189 MP: 39/42
 79657 | Crypt:3  | Noticed Bai Suzhen
 79678 | Crypt:3  | Killed Bai Suzhen
 80173 | Crypt:3  | Received a gift from Sif Muna
 80204 | Crypt:3  | Found an ancient bone altar of Kikubaaqudgha.
 80237 | Crypt:3  | Got a twitching pewter ring
 80237 | Crypt:3  | Got a twitching lapis lazuli ring
 80254 | Crypt:3  | Identified the ring of Otinax {rN+ Int+4} (You found it on
                  | level 3 of the Crypt)
 80255 | Crypt:3  | Identified the ring "Kaunt" {rN+ Int+5 Dex+2} (You found it
                  | on level 3 of the Crypt)
 80284 | Crypt:3  | Noticed an ancient lich
 80290 | Crypt:3  | Killed an ancient lich
 80708 | Crypt:3  | Found a staircase to the Tomb.
 80902 | Crypt:3  | Identified the Guide on Stolen Souls
 81297 | Vaults:3 | You paid a toll of 17 scrolls of teleportation to enter a
                  | treasure trove
 81298 | Trove    | Entered a treasure trove
 81348 | Trove    | Found the -2 hat of the Alchemist {rElec rPois rF+ rC+ rN+
                  | Will+ rMut rCorr}
 81396 | Trove    | Got a dazzling leather armour
 81398 | Trove    | Got a faintly glowing leather armour
 81402 | Trove    | Identified the +1 leather armour of Oddi {Str+3} (You found
                  | it in a treasure trove)
 81404 | Trove    | Identified the +2 leather armour of Sonuiqij {rN+ Str+2}
                  | (You found it in a treasure trove)
 81419 | Trove    | Reached XP level 25. HP: 197/197 MP: 42/42
 81424 | Trove    | Got a vibrating marble ring
 81428 | Trove    | Got a sparkling jade ring
 81430 | Trove    | Identified the ring of Obsession {+Fly rC- rN++} (You found
                  | it in a treasure trove)
 81431 | Trove    | Identified the ring of Caibil {rN+ Dex+6} (You found it in
                  | a treasure trove)
 81758 | Slime:1  | Entered Level 1 of the Pits of Slime
 81907 | Slime:3  | Gained mutation: Scrolls take you a little longer to read.
                  | [a shining eye]
 82278 | Slime:2  | Gained mutation: You are clumsy. (Dex -2) [a shining eye]
 82647 | Slime:5  | Entered Level 5 of the Pits of Slime
 82671 | Slime:5  | Noticed the Royal Jelly
 83227 | Slime:2  | Identified Sif Muna's Guide on the Mutagenic Voyage (Sif
                  | Muna gifted it to you on level 2 of the Pits of Slime)
 83227 | Slime:2  | Received a gift from Sif Muna
 83434 | Slime:5  | Killed the Royal Jelly
 83686 | Slime:5  | Reached XP level 26. HP: 134/204 MP: 43/43
 84333 | Slime:5  | Got a crude iron ring
 84357 | Slime:5  | Got a slimy rune of Zot
 84448 | Slime:5  | Identified the ring "Adimaplimeo" {+Fly rPois Dex+4 SInv
                  | Stlth+} (You found it on level 5 of the Pits of Slime)
 84459 | Slime:5  | Got a dazzling fustibalus
 84462 | Slime:5  | Identified the +2 fustibalus of Rotation {flame, Fragile
                  | rPois Int+3} (You found it on level 5 of the Pits of Slime)
 84489 | Slime:5  | Got a fading scale mail
 84492 | Slime:5  | Identified the +3 scale mail of the Monkey {*Slow rPois rF+
                  | rC++ rCorr} (You found it on level 5 of the Pits of Slime)
 84805 | Depths:1 | Entered Level 1 of the Depths
 84924 | Depths:1 | Found Licuarir's Pet Rocks.
 85528 | Depths:1 | Found a transporter.
 85547 | Depths:1 | Found a transporter.
 85648 | Depths:1 | Noticed Geil's ghost (adept TrFi)
 85706 | Depths:1 | Found Syfoum's Mayhem Merchandise.
 85729 | Depths:1 | Found a gateway to Hell.
 85774 | Depths:1 | Noticed a juggernaut
 86616 | Depths:1 | Killed a juggernaut
 86874 | Depths:2 | Noticed Mara
 86882 | Depths:2 | Noticed pistachioham's illusion
 87301 | Depths:2 | Found Astighyt's Gadget Boutique.
 87303 | Depths:2 | Found Qesut's General Store.
 87305 | Depths:2 | Found Agaeler's Gadget Boutique.
 87313 | Depths:2 | Bought a wand of acid (5) for 342 gold pieces
 87313 | Depths:2 | Bought a wand of iceblast (12) for 304 gold pieces
 87829 | Depths:2 | Identified Sif Muna's Guide on Venomous Translocation (Sif
                  | Muna gifted it to you on level 2 of the Depths)
 87829 | Depths:2 | Received a gift from Sif Muna
 87836 | Depths:2 | Learned a level 4 spell: Iskenderun's Mystic Blast
 87885 | Depths:2 | Noticed pistachioham's illusion
 87899 | Depths:2 | Killed Mara
 88242 | Depths:2 | Reached skill level 15 in Hexes
 88622 | Depths:2 | Found a gateway to a ziggurat.
 88623 | Depths:2 | Noticed an ancient lich
 88694 | Depths:2 | Killed an ancient lich
 88732 | Zig:1    | Entered Level 1 of a ziggurat
 88732 | Zig:1    | Noticed Uzimul the pandemonium lord
 88747 | Zig:1    | HP: 7/206 [Ice Fiend[Uzimul] (16)]
 88748 | Zig:1    | Slain by an Ice Fiend

Illustrated notes

Levels and vault maps discovered:
D:1:      scummos_arrival_simple_crosswalls, layout_basic,
          chequers_serial_rivers_small_b
D:2:      layout_rooms, nicolae_qazlal_eye_of_the_storm, serial_forest,
          infiniplex_forest_end_1, infiniplex_forest_lined_corner,
          infiniplex_forest_end_2, infiniplex_forest_clump_long,
          infiniplex_forest_straight_4, uniq_natasha
D:3:      layout_rooms, nemelex_xobeh_ov_fountains_minmay, uniq_ijyb
D:4:      layout_rooms, makhleb_altar_promises_db
D:5:      layout_rooms, minmay_hedge_maze, nrook_campfire, uniq_menkaure,
          uniq_eustachio
D:6:      kennysheep_housing_project, layout_loops_corners,
          grunt_temple_overflow_open
D:7:      layout_layer_cave, cheibriados_altar_1, lemuel_crystal_altar,
          minmay_temple_entry_waves, uniq_pikel
D:8:      layout_rooms, vehumet_altar_wand_db, uniq_erica, uniq_gastronok
D:9:      layout_cave_pods, erik_lair_orcish_takeover, enter_bailey_5,
          serial_shops, nicolae_shop_competitors_out_of_business
D:10:     layout_rooms, uniq_maggie, uniq_urug, uniq_snorg
D:11:     layout_loops_ring, serial_shops, shop_fountains, uniq_fannar,
          uniq_nergalle
D:12:     layout_basic, erik_orc_1, uniq_azrael, uniq_frances
D:13:     layout_stronghold, david_vaults_4, minivault_19,
          chequers_decorated_corner
D:14:     layout_basic, gauntlet_entry_generic, serial_shops,
          nicolae_shop_overgrown_old_shop, shop, nicolae_shop_stone, shop_coins,
          skrybe_limestone_x, nrook_loot_triangle, lemuel_angel_altar
D:15:     hangedman_depths_entry_civil_slaughter, layout_basic,
          serial_bayou_shore_b
Lair:1:   layout_regular_city, grunt_megastairs_4
Lair:2:   layout_long_grid, elwin_shoals_entry_rocks,
          grunt_forest_small_clearings, bobbens_dragon_lair_wall,
          infiniplex_staircase_pool, minmay_lair_oklob_chamber
Lair:3:   layout_cave_pods
Lair:4:   layout_gridlike, minmay_snake_entry_six_corridors,
          serial_bayou_shore_a, lemuel_fruit_fields
Lair:5:   layout_hall_layers, slime_altar_1, lookout_lair_type, minivault_27,
          beast_lair_carwin_4
Lair:6:   hangedman_lair_tendril_chambers, layout_cave_shapes,
          hangedman_lair_in_review, serial_bayou_shore_b, uniq_kirke
Shoals:1: layout_shoals, serial_shops, shop, nicolae_shoals_square_sea_wall
Shoals:2: layout_shoals, nicolae_shoals_isolated_beach
Shoals:3: layout_shoals, uniq_polyphemus
Shoals:4: shoals_end_grunt_ice, layout_shoals,
          portal_ice_cave_entry_ice_statue_one, ldierk_geyser
Snake:1:  layout_grid_shapes, st_stairs_2, minmay_shop_grid_forest, uniq_donald
Snake:2:  layout_chambers, serial_shops, nicolae_shop_crystal, basic_altar,
          nicolae_snake_salamander_stairs, grunt_megastairs_1, minmay_shop_grove
Snake:3:  layout_layer_cave, basic_altar, uniq_jorgrun
Snake:4:  minmay_snake_end_coiled, layout_cave_town, hangedman_corner_corridor,
          uniq_roxanne, uniq_vashnia
Slime:1:  layout_caves
Slime:2:  layout_caves
Slime:3:  layout_caves, cheibrodos_slime_lost_civilization_7
Slime:4:  layout_caves
Slime:5
Orc:1:    layout_diamond_mine, gammafunk_ghost_fury_of_okawaru
Orc:2:    pf_orc_diabolical, layout_caves, serial_shops, nicolae_shop_stone,
          mines1_david, uniq_josephine
Elf:1:    layout_gridlike, portal_desolation_entry_salt,
          minmay_elf_annihilation, st_stairs_14, uniq_aizul, uniq_louise
Elf:2:    layout_loops_cross, serial_shops, shop
Elf:3:    minmay_elf_hall_quartered_circle, layout_gridlike, serial_shops, shop,
          minmay_misc_feat_alley
Vaults:1: vaults_room_corners, hangedman_vaults_river_flow, serial_ice_b,
          grunt_vaults_bifocal, hangedman_vaults_corner,
          ontoclasm_vaults_ring_small, vaults_dpeg_doors,
          nicolae_vaults_network_quinsquares
          [nicolae_vaults_network_quincunx_subvault,
          nicolae_vaults_network_quincunx_subvault,
          nicolae_vaults_network_quincunx_subvault,
          nicolae_vaults_network_quincunx_subvault], vaults_mumra_minichess,
          hangedman_vaults_maws, v_alt_pattern_3, vaults_dpeg_encased_lava,
          layout_vaults_maze
Vaults:2: vaults_room_pool, layout_vaults_omnigrid, serial_shops,
          nicolae_shop_overgrown_old_shop
Vaults:3: vaults_room_door_hall, minmay_crypt_entry_simple_plaza,
          nicolae_vaults_inception_corners, v_misc_29,
          nicolae_vaults_stairing_the_circle, nicolae_vaults_little_squares_4,
          v_misc_24, nicolae_vaults_little_squares_4,
          nicolae_vaults_statue_guard, dpeg_vaults_monster_box,
          nicolae_vaults_ring_of_whatevers, layout_vaults_omnicross,
          nicolae_trove_entry_crossroad
Vaults:4: ontoclasm_vaults_shout, hangedman_vaults_trim,
          nicolae_vaults_alarming, v_misc_8, hangedman_vaults_slither,
          hangedman_vaults_cutoff, grunt_vaults_funnel, v_pattern_1,
          nicolae_vaults_little_squares_4, vaults_room_ringed_pool,
          vaults_room_semicircle, grunt_vaults_hallway_short,
          layout_vaults_ring, uniq_margery
Crypt:1:  layout_gridlike, minivault_19, grunt_megastairs_2,
          grunt_crypt_arrival_guarded_gate, uniq_frederick
Crypt:2:  layout_chaotic_city, wad_floor_pattern_2, minivault_19
Crypt:3:  cryptofortress_bobbens, uniq_bai_suzhen
Depths:1: layout_forbidden_donut, gammafunk_ghost_arena, hell_entry,
          minmay_shop_mayhem, ebering_dispersal_statue_hall,
          guppyfry_shop_earth, kennysheep_random_hallway
Depths:2: lemuel_troll_bridge, layout_basic, enter_ziggurat_c,
          kennysheep_nondescript, grunt_mini_vestibule, serial_bayou_lagoon_a,
          onia_ninara_cookie, minmay_staircase_bubble, minmay_shop_star,
          serial_bayou_shore_b, uniq_mara
Zig:1

Skill      XL: |  1  2  3  4  5  6  7  8  9 10 11 12 13 14 15 16 17 18 19 20 21 22 23 24 25 26 |
---------------+-------------------------------------------------------------------------------+-----
Invocations    | 1 2 3 4 5 6 7 8 9 10 11 12 13 14 15 16 17 | 17.8
Short Blades   | 1 2 3 4 6 8 9 10 11 12 13 14 15 16 | 16.5
Long Blades    | 1 2 3 4 6 8 9 10 11 12 13 14 15 16 | 16.5
Axes           | 1 2 3 4 6 8 9 10 11 12 13 14 15 16 | 16.5
Maces & Flails | 1 2 3 4 6 8 9 10 11 12 13 14 15 16 | 16.5
Polearms       | 1 2 3 4 6 8 9 10 11 12 13 14 15 16 | 16.5
Staves         | 1 2 3 4 6 8 9 10 11 12 13 14 15 16 | 16.5
Slings         | 1 2 3 4 6 8 9 10 11 12 13 14 15 16 | 16.5
Crossbows      | 1 2 3 4 6 8 9 10 11 12 13 14 15 16 | 16.5
Throwing       | 1 2 3 4 6 8 9 10 11 12 13 14 15 16 | 16.5
Armour         | 1 2 3 4 6 8 9 10 11 12 13 14 15 16 | 16.5
Stealth        | 1 2 3 4 6 8 9 10 11 12 13 14 15 16 | 16.5
Shields        | 1 2 3 4 6 8 9 10 11 12 13 14 15 16 | 16.5
Unarmed Combat | 1 2 3 4 6 8 9 10 11 12 13 14 15 16 | 16.5
Spellcasting   | 3 4 5 6 7 8 9 10 11 12 13 14 15 16 | 16.7
Evocations     | 1 2 3 4 6 8 9 10 11 12 13 14 15 16 | 16.5
Conjurations   | 1 2 3 5 6 7 8 9 10 11 12 13 14 | 14.2
Summonings     | 1 2 3 5 6 7 8 9 10 11 12 13 14 | 14.2
Necromancy     | 1 2 3 5 6 7 8 9 10 11 12 13 14 | 14.2
Translocations | 1 2 3 5 6 7 8 9 10 11 12 13 14 | 14.2
Transmutations | 1 2 3 5 6 7 8 9 10 11 12 13 14 | 14.2
Fire Magic     | 1 2 3 5 6 7 8 9 10 11 12 13 14 | 14.2
Ice Magic      | 1 2 3 5 6 7 8 9 10 11 12 13 14 | 14.2
Air Magic      | 1 2 3 5 6 7 8 9 10 11 12 13 14 | 14.2
Earth Magic    | 1 2 3 5 6 7 8 9 10 11 12 13 14 | 14.2
Poison Magic   | 1 2 3 5 6 7 8 9 10 11 12 13 14 | 14.2
Fighting       | 3 4 5 6 7 8 9 10 11 12 13 14 15 16 | 16.7
Bows           | 5 6 7 8 9 10 11 12 13 14 15 16 17 | 17.0
Dodging        | 5 6 7 8 9 10 11 12 13 14 15 16 17 | 17.0
Hexes          | 6 7 8 9 10 11 12 13 14 15 | 15.0

Action                   |  1- 3 |  4- 6 |  7- 9 | 10-12 | 13-15 | 16-18 | 19-21 | 22-24 | 25-27 || total
-------------------------+-------+-------+-------+-------+-------+-------+-------+-------+-------++-------
Melee: Mace              |    48 |    69 |   256 |       |       |       |       |       |       ||   373
       Bite              |     5 |     9 |    36 |    40 |    46 |   110 |   108 |    83 |    60 ||   497
       Punch             |     1 |       |     5 |     2 |    16 |    58 |     6 |       |       ||    88
       Battleaxe         |       |       |    34 |   261 |     5 |     6 |   336 |   400 |   278 ||  1320
       Scimitar          |       |       |       |    70 |   245 |   389 |       |       |       ||   704
       Halberd           |       |       |       |     4 |    10 |       |       |       |       ||    14
       Shortbow          |       |       |       |       |     2 |       |       |       |     1 ||     3
       Unarmed           |       |       |       |       |       |    10 |       |       |       ||    10
       Falchion          |       |       |       |       |       |   118 |    42 |       |       ||   160
       Staff             |       |       |       |       |       |    32 |       |       |       ||    32
       Long sword        |       |       |       |       |       |    17 |       |       |       ||    17
       Great mace        |       |       |       |       |       |       |    96 |       |       ||    96
 Fire: Shortbow          |    52 |    70 |   178 |   408 |   507 |   862 |  1072 |   781 |   398 ||  4328
       Longbow           |       |       |       |       |       |     1 |       |       |       ||     1
Throw: Javelin           |       |       |       |       |       |       |     4 |     3 |       ||     7
 Cast: Corona            |    16 |    38 |    75 |   106 |    75 |   118 |    24 |     5 |     5 ||   462
       Slow              |       |     1 |     4 |     4 |     1 |     2 |       |       |       ||    12
       Inner Flame       |       |     4 |    16 |    35 |    32 |    34 |    20 |    22 |     7 ||   170
       Portal Projectile |       |     1 |     5 |    11 |     9 |    34 |    14 |     6 |     6 ||    86
       Summon Lightning  |       |       |       |    20 |    70 |   106 |    46 |    34 |    17 ||   293
       Cause Fear        |       |       |       |     2 |     2 |     1 |       |       |       ||     5
       Fireball          |       |       |       |    10 |    30 |   109 |    44 |    40 |    20 ||   253
       Wereblood         |       |       |       |       |    14 |     8 |     2 |     1 |     2 ||    27
       Iskenderun's Batt |       |       |       |       |     1 |       |       |       |       ||     1
       Freezing Cloud    |       |       |       |       |       |    32 |   162 |    96 |    60 ||   350
       Bolt of Magma     |       |       |       |       |       |     3 |     1 |       |       ||     4
       Searing Ray       |       |       |       |       |       |    26 |    28 |    16 |       ||    70
       Passage of Golubr |       |       |       |       |       |    18 |   122 |   115 |    21 ||   276
       Irradiate         |       |       |       |       |       |     2 |     1 |       |     1 ||     4
       Iron Shot         |       |       |       |       |       |       |    10 |    57 |    26 ||    93
       Dispel Undead     |       |       |       |       |       |       |       |    47 |       ||    47
       Yara's Violent Un |       |       |       |       |       |       |       |     1 |       ||     1
       Iskenderun's Myst |       |       |       |       |       |       |       |       |     1 ||     1
       Discord           |       |       |       |       |       |       |       |       |     1 ||     1
Invok: Channel Magic     |       |       |       |       |     4 |    12 |     6 |     4 |       ||    26
       Divine Exegesis   |       |       |       |       |       |     3 |     1 |     1 |     1 ||     6
 Abil: Cancel Portal Pro |       |       |       |       |       |     2 |     2 |     1 |       ||     5
       Stop Flying       |       |       |       |       |       |       |     1 |       |       ||     1
       Evoke Flight      |       |       |       |       |       |       |     1 |       |       ||     1
Evoke: Wand              |       |       |     1 |    12 |     8 |    42 |    24 |     7 |     2 ||    96
  Use: Potion            |       |     3 |     4 |    14 |    10 |    11 |     4 |     2 |    11 ||    59
       Scroll            |       |     1 |     9 |    21 |    13 |    27 |    15 |    14 |    19 ||   119
 Stab: Sleeping          |     1 |       |       |     1 |     3 |     4 |     3 |     3 |     1 ||    16
       Distracted        |       |       |       |     2 |     4 |     8 |    20 |    15 |     7 ||    56
       Paralysed         |       |       |       |       |       |       |     1 |       |       ||     1
Armor: Robe              |    18 |     2 |       |       |       |       |       |       |       ||    20
       Leather armour    |       |     6 |   117 |    86 |     6 |    19 |     1 |       |       ||   235
       Skin              |       |       |       |     4 |       |       |       |       |       ||     4
       Troll leather arm |       |       |       |    68 |   113 |   197 |    75 |       |       ||   453
       Scale mail        |       |       |       |       |       |       |    91 |   220 |   191 ||   502
Dodge: Dodged            |    50 |    92 |   300 |   429 |   337 |   716 |   677 |   596 |   368 ||  3565
       Rpst.: Scimitar   |       |       |       |    18 |    78 |   109 |       |       |       ||   205
       Falchion          |       |       |       |       |       |    20 |    15 |       |       ||    35
       Long sword        |       |       |       |       |       |     2 |       |       |       ||     2

Table legend: (Time is in decaauts)
 A = Elapsed time spent in this place.
 B = Non-inter-level travel time spent in this place.
 C = Inter-level travel time spent in this place.
 D = Time resting spent in this place.
 E = Time spent auto-exploring this place.
 F = Levels seen in this place.
 G = Mean time per level.
                   A        B        C        D        E       F      G
               +--------+--------+--------+--------+--------+-----+--------+
         Total |  83837 |  77319 |   6518 |  24006 |   8643 |  54 | 1552.5 |
       Dungeon |  23207 |  20973 |   2234 |   6638 |   3149 |  15 | 1547.1 |
          Lair |   9159 |   8168 |    991 |   2037 |   1080 |   6 | 1526.5 |
        Shoals |   5263 |   4850 |    413 |   1297 |     47 |   4 | 1315.8 |
     Snake Pit |   8828 |   8278 |    550 |   2340 |   1226 |   4 | 2207.0 |
    Slime Pits |   2538 |   2482 |     56 |   1199 |    124 |   5 |  507.6 |
  Orcish Mines |   4496 |   4086 |    410 |   1565 |    309 |   2 | 2248.0 |
   Elven Halls |   7441 |   7139 |    302 |   2348 |    712 |   3 | 2480.3 |
        Vaults |  11121 |   9899 |   1222 |   2909 |   1173 |   4 | 2780.2 |
         Crypt |   5203 |   4989 |    214 |   1535 |    311 |   3 | 1734.3 |
        Depths |   3481 |   3358 |    123 |   1100 |    354 |   2 | 1740.5 |
         Abyss |      3 |      3 |      0 |      0 |      0 |   1 |    3.0 |
      Ziggurat |     14 |     14 |      0 |      0 |      0 |   1 |   14.0 |
         Trove |    147 |    147 |      0 |      0 |      0 |   1 |  147.0 |
        Bailey |   1396 |   1396 |      0 |    561 |    121 |   1 | 1396.0 |
      Ice Cave |   1078 |   1078 |      0 |    452 |     32 |   1 | 1078.0 |
      Gauntlet |    455 |    455 |      0 |     19 |      0 |   1 |  455.0 |
               +--------+--------+--------+--------+--------+-----+--------+

Top non-repeatable levels by time:
Vaults:4: 3171 daAuts
   Orc:2: 3036 daAuts
Vaults:3: 3015 daAuts
  Lair:6: 2940 daAuts
   Elf:3: 2803 daAuts
 Snake:4: 2780 daAuts
   Elf:2: 2725 daAuts
 Snake:3: 2631 daAuts
Vaults:2: 2533 daAuts
     D:4: 2433 daAuts
Vaults:1: 2401 daAuts
    D:12: 2271 daAuts
 Crypt:3: 2251 daAuts
Depths:1: 2057 daAuts
    D:11: 2037 daAuts
